 Dungeon Crawl Stone Soup version 0.22-a0-231-g1b571ea (webtiles) character file.

14 wolfsongas the Cutter (level 2, 0/20 HPs)
             Began as a Gnoll Wanderer on Feb 21, 2018.
             Slain by a hobgoblin
             ... wielding a +0 club
              (7 damage)
             ... on level 1 of the Dungeon.
             The game lasted 00:00:44 (343 turns).

wolfsongas the Cutter (Gnoll Wanderer)               Turns: 343, Time: 00:00:45

Health: 0/20       AC:  2    Str: 13    XL:     2   Next: 41%
Magic:  5/5        EV: 11    Int: 15    God:
Gold:   35         SH:  0    Dex: 14    Spells: 6/6 levels left

rFire    . . .     SeeInvis .   f - +0 short sword (elec)
rCold    . . .     Gourm    .   (no shield)
rNeg     . . .     Faith    .   d - +0 robe
rPois    .         Spirit   .   (no helmet)
rElec    .         Reflect  .   (no cloak)
rCorr    .         Harm     .   (no gloves)
MR       .....                  (no boots)
Stlth    ++........             (no amulet)
HPRegen  0.06/turn              (no ring)
MPRegen  0.09/turn              (no ring)

@: no status effects
A: distributed training, fangs 1, strong nose
a: no special abilities


You were on level 1 of the Dungeon.
You were not hungry.

You visited 1 branch of the dungeon, and saw 1 of its levels.

You collected 35 gold pieces.

Inventory:

Hand Weapons
 b - a +0 dagger
 f - a +0 short sword of electrocution (weapon)
Armour
 d - a +0 robe (worn)
Scrolls
 e - a scroll of blinking
Potions
 c - a potion of heal wounds {unknown}
Comestibles
 a - a ration
 g - 4 chunks of flesh


   Skills:
 + Level 0.4 Fighting
 + Level 6.5 Short Blades
 + Level 0.4 Long Blades
 + Level 0.4 Axes
 + Level 0.4 Maces & Flails
 + Level 0.4 Polearms
 + Level 0.4 Staves
 + Level 0.4 Slings
 + Level 0.4 Bows
 + Level 0.4 Crossbows
 + Level 0.4 Throwing
 + Level 0.4 Armour
 + Level 0.4 Dodging
 + Level 2.2 Stealth
 + Level 2.5 Shields
 + Level 0.4 Unarmed Combat
 + Level 2.7 Spellcasting
 + Level 2.0 Conjurations
 + Level 0.2 Hexes
 + Level 0.2 Charms
 + Level 0.2 Summonings
 + Level 0.2 Necromancy
 + Level 0.2 Translocations
 + Level 0.2 Transmutations
 + Level 5.3 Fire Magic
 + Level 0.2 Ice Magic
 + Level 0.2 Air Magic
 + Level 0.2 Earth Magic
 + Level 0.2 Poison Magic
 + Level 0.5 Invocations
 + Level 0.4 Evocations


You had 6 spell levels left.
You didn't know any spells.

Dungeon Overview and Level Annotations

Branches:
Dungeon (1/15)

Altars:


Innate Abilities, Weirdness & Mutations

Your experience applies equally to all skills.
You have very sharp teeth.
Your uncanny sense of smell can sniff out nearby items.


Message History

There is a stone staircase leading down here.
You see here a jackal skeleton.
A hobgoblin is nearby!
You see here a jackal corpse.
The hobgoblin hits you but does no damage.
You hit the hobgoblin. Your bite misses the hobgoblin.
The hobgoblin is moderately wounded.
The hobgoblin barely misses you.
You hit the hobgoblin but do no damage.
The hobgoblin is moderately wounded.
The hobgoblin hits you with a club.
You are too injured to fight recklessly!
A hobgoblin is nearby!
You are too injured to fight recklessly!
You hit the hobgoblin but do no damage.
The hobgoblin is moderately wounded.
You hit the hobgoblin. You bite the hobgoblin.
The hobgoblin is severely wounded.
The hobgoblin hits you with a club!
You die...

##...#........... #.
##.#######...... #.
#..# ##..... #. #.##
##...# ##.# #.#
##.## .###...##.#
#########.#
..........#
#.....÷...#
#..g.†.###.#######.#
#@#.............#
#.†>###.#########
###.# #.# #.# #.#
#.# #.# ... ..# ###
###


You could see a hobgoblin.

Vanquished Creatures
  A giant cockroach (D:1)
  A goblin (D:1)
  4 jackals (D:1)
  3 bats (D:1)
  3 rats (D:1)
12 creatures vanquished.

Notes
Turn   | Place    | Note
-------+----------+-------------------------------------------
     0 | D:1      | wolfsongas the Gnoll Wanderer began the quest for the Orb.
     0 | D:1      | wolfsongas set off with: a ration, a +0 short sword, a +0 robe
     0 | D:1      | Reached XP level 1. HP: 13/13 MP: 4/4
   308 | D:1      | Reached XP level 2. HP: 17/19 MP: 5/5
   343 | D:1      | Slain by a hobgoblin

Vault maps used:
D:1:      dpeg_arrival_another_circle

Skill      XL: |  1 |
---------------+----+-----
Conjurations   | 2 |  2.0
Fighting       | |  0.4
Short Blades   | |  6.5
Long Blades    | |  0.4
Axes           | |  0.4
Maces & Flails | |  0.4
Polearms       | |  0.4
Staves         | |  0.4
Slings         | |  0.4
Bows           | |  0.4
Crossbows      | |  0.4
Throwing       | |  0.4
Armour         | |  0.4
Dodging        | |  0.4
Stealth        | |  2.2
Shields        | |  2.5
Unarmed Combat | |  0.4
Spellcasting   | |  2.7
Hexes          | |  0.2
Charms         | |  0.2
Summonings     | |  0.2
Necromancy     | |  0.2
Translocations | |  0.2
Transmutations | |  0.2
Fire Magic     | |  5.3
Ice Magic      | |  0.2
Air Magic      | |  0.2
Earth Magic    | |  0.2
Poison Magic   | |  0.2
Invocations    | |  0.5
Evocations     | |  0.4

Action                   || total
-------------------------++-------
Melee: Short sword       ||    24
       Bite              ||     3
       Dagger            ||     1
  Use: Scroll            ||     1
 Stab: Sleeping          ||     3
Armor: Robe              ||     8
Dodge: Dodged            ||    12

Table legend:
 A = Spawn XP
 B = Non-spawn XP
 C = Spawn XP percentage of total XP
 D = Spawn monster count
 E = Non-spawn monster count
 F = Spawn count percentage of total count
 G = Total turns spent on level
                    A         B        C        D         E        F      G
               +---------+---------+-------+---------+---------+-------+---------
         Total |       0 |      20 |   0.0 |       0 |      12 |   0.0 |   343
               +---------+---------+-------+---------+---------+-------+---------
           D:1 |       0 |      20 |   0.0 |       0 |      12 |   0.0 |   343
               +---------+---------+-------+---------+---------+-------+---------
